Map: Dusk Towers

Players

TheVoid

  • Race: Protoss Protoss
  • League: Platinum

LindyHop - Winner!

  • Race: Zerg Zerg
  • League: Gold

VOD

Have the link to the VOD?

Description

Time

  • Played on: Dec. 7, 2015, 8:42 p.m.
  • Length: 14:59
Show
View Real Time Build Order
Export as new Build Order

TheVoid Protoss 

Build Orders: Cannon Rush 

Get SALT Encoding   

  12  0:01  Probe (Chrono Boost)  
  13  0:12  Probe (Chrono Boost)  
  14  0:18  Pylon  
  14  0:22  Probe (Chrono Boost)  
  15  0:36  Probe (Chrono Boost)  
  15  0:38  Forge  
  16  0:47  Probe (Chrono Boost)  
  17  1:01  Probe (Chrono Boost)  
  18  1:04  Pylon  
  18  1:13  Photon Cannon  
  18  1:15  Probe (Chrono Boost)  
  19  1:23  Photon Cannon  
  19  1:27  Photon Cannon  
  19  1:37  Photon Cannon  
  19  1:40  Probe (Chrono Boost)  
  20  1:48  Gateway  
  20  1:53  Probe (Chrono Boost)  
  21  2:02  Pylon  
  21  2:07  Probe (Chrono Boost)  
  21  2:31  Nexus  
  21  2:33  Pylon  
  21  2:37  Probe (Chrono Boost)  
  22  2:41  Assimilator  
  22  2:45  Assimilator  
  22  2:47  Probe (Chrono Boost)  
  23  2:52  Zealot (Chrono Boost)  
  25  3:01  Probe  
  26  3:13  Probe  
  27  3:23  Photon Cannon  
  27  3:25  Probe  
  28  3:29  Cybernetics Core  
  28  3:37  Probe  
  29  3:42  Gateway  
  29  3:45  Protoss Ground Weapons Level 1 (Chrono Boost)  
  29  3:46  Probe  
  30  3:49  Probe  
  31  3:57  Probe  
  31  4:01  Probe  
  33  4:02  Photon Cannon  
  33  4:07  Probe  
  34  4:13  Probe  
  34  4:14  Pylon  
  35  4:18  Probe  
  35  4:22  Warp Gate (Chrono Boost)  
  36  4:29  Stalker, Gateway  
  36  4:31  Probe  
  38  4:34  Assimilator  
  39  4:41  Probe  
  40  4:46  Gateway  
  40  4:48  Stalker (Chrono Boost)  
  42  4:57  Robotics Facility  
  42  4:59  Probe  
  43  5:07  Stalker (Chrono Boost)  
  43  5:13  Gateway  
  45  5:15  Gateway  
  45  5:17  Probe  
  46  5:25  Probe  
  46  5:27  Protoss Shields Level 1  
  47  5:34  Sentry (Chrono Boost), Probe  
  49  5:39  Probe  
  51  5:51  Probe  
  51  5:54  Probe  
  51  5:55  Gateway  
  53  5:58  Stalker x3  
  59  6:05  Pylon  
  59  6:09  Observer (Chrono Boost)  
  60  6:23  Probe  
  59  6:28  Observer (Chrono Boost), Assimilator  
  59  6:52  Photon Cannon  
  59  6:54  Photon Cannon  
  59  6:55  Probe  
  59  6:58  Pylon  
  60  7:07  Stalker x2  
  60  7:08  Stalker x2  
  68  7:16  Photon Cannon  
  68  7:23  Photon Cannon  
  68  7:25  Photon Cannon  
  68  7:27  Photon Cannon  
  68  7:29  Probe  
  69  7:31  Photon Cannon  
  69  7:32  Stalker  
  69  7:34  Stalker  
  69  7:35  Stalker  
  74  7:48  Stalker x3  
  78  7:51  Probe  
  78  7:54  Photon Cannon  
  78  7:55  Photon Cannon  
  79  7:59  Photon Cannon  
  79  8:08  Protoss Ground Armor Level 1, Photon Cannon  
  79  8:17  Probe  
  80  8:27  Stalker  
  80  8:28  Sentry  
  80  8:29  Sentry  
  80  8:32  Nexus  
  86  8:44  Photon Cannon  
  86  8:51  Photon Cannon  
  86  8:59  Pylon  
  86  9:15  Mothership Core  
  86  9:17  Probe  
  86  9:22  Pylon  
  89  9:24  Pylon  
  89  9:27  Photon Cannon  
  89  9:29  Photon Cannon  
  87  9:33  Assimilator  
  87  9:36  Pylon  
  84  9:39  Probe  
  85  9:52  Stalker  
  85  9:53  Stalker x3  
  93  10:03  Forge  
  56  10:30  Stalker x3  
  62  10:47  Stalker x2  
  62  10:49  Probe  
  66  10:52  Probe  
  68  10:59  Twilight Council  
  68  11:03  Stalker x3, Probe  
  74  11:16  Pylon  
  74  11:18  Pylon  
  74  11:29  Probe  
  74  11:31  Pylon  
  75  11:38  Pylon  
  75  11:39  Probe  
  75  11:41  Pylon  
  75  11:44  Stalker x2  
  75  11:46  Probe  
  81  12:00  Pylon  
  81  12:01  Probe  
  81  12:04  Protoss Ground Weapons Level 2 (Chrono Boost), Charge  
  81  12:06  Stalker  
  81  12:08  Sentry x2  
  88  12:16  Stalker  
  89  12:24  Pylon  
  89  12:27  Photon Cannon  
  89  12:31  Pylon  
  89  12:34  Pylon  
  89  12:45  Probe, Pylon  
  89  12:46  Photon Cannon  
  89  12:51  Stalker x4  
  92  12:52  Stalker  
  92  12:55  Probe  
  101  13:06  Probe  
  102  13:17  Probe  
  101  13:31  Nexus  
  101  13:33  Probe, Pylon  
  101  13:38  Photon Cannon  
  102  13:50  Pylon  
  102  13:56  Probe  
  102  13:58  Stalker  
  102  13:59  Stalker x2  
  102  14:02  Sentry x2  
  113  14:08  Probe  
  114  14:10  Pylon  
  113  14:23  Pylon  
  113  14:29  Pylon  
  113  14:40  Stalker x2  
  113  14:41  Stalker x2  
  113  14:42  Stalker  
Show
View Real Time Build Order
Export as new Build Order

LindyHop Zerg - Winner!

Build Orders: Hatch First 

Get SALT Encoding   

  12  0:01  Drone  
  13  0:08  Drone  
  14  0:35  Hatchery  
  13  0:44  Drone  
  14  0:54  Spawning Pool  
  13  1:02  Overlord  
  13  1:12  Drone  
  13  1:18  Drone, Extractor  
  13  1:20  Drone  
  15  1:44  Spine Crawler  
  14  1:48  Drone x4  
  18  2:00  Drone x2  
  20  2:05  Queen  
  22  2:10  Drone  
  22  2:12  Drone  
  24  2:19  Drone  
  24  2:21  Drone  
  26  2:30  Overlord  
  26  2:36  Queen  
  28  2:40  Extractor  
  27  2:52  Spore Crawler  
  27  2:53  Drone x4  
  27  2:55  Spore Crawler  
  29  3:03  Pneumatized Carapace  
  29  3:09  Drone x3  
  32  3:19  Drone x2  
  34  3:22  Lair  
  34  3:25  Drone  
  35  3:30  Drone  
  36  3:41  Extractor  
  36  3:42  Drone, Overlord  
  36  3:44  Extractor  
  35  3:54  Drone  
  36  3:57  Overlord  
  36  4:03  Drone x5  
  36  4:09  Drone  
  42  4:27  Spire  
  41  4:36  Drone x2  
  43  4:50  Overseer  
  43  4:53  Spine Crawler  
  43  4:56  Spine Crawler  
  41  5:02  Drone x2  
  41  5:03  Drone x3  
  46  5:27  Overlord  
  46  5:28  Spine Crawler  
  45  5:44  Mutalisk  
  45  5:45  Evolution Chamber, Mutalisk x7  
  45  5:48  Overlord  
  60  5:59  Overlord  
  60  6:00  Overlord  
  60  6:14  Mutalisk  
  60  6:15  Mutalisk x3  
  68  6:18  Spine Crawler  
  68  6:19  Zerg Flyer Weapons Level 1, Mutalisk  
  68  6:25  Drone x3  
  71  6:29  Mutalisk  
  74  6:33  Spine Crawler, Overseer  
  73  6:40  Mutalisk  
  75  6:51  Overlord  
  75  6:52  Overlord  
  75  7:00  Spine Crawler  
  74  7:04  Mutalisk  
  74  7:05  Mutalisk  
  78  7:13  Mutalisk  
  80  7:27  Mutalisk  
  82  7:40  Spine Crawler  
  82  7:44  Mutalisk x2  
  81  7:49  Mutalisk  
  87  7:54  Zergling x18  
  96  8:12  Hatchery, Overlord x2  
  95  8:14  Metabolic Boost  
  95  8:15  Mutalisk x2  
  99  8:26  Zergling x2  
  100  8:28  Overlord  
  100  8:41  Mutalisk x2  
  104  8:53  Zergling x6  
  104  8:54  Zergling x2  
  108  9:00  Mutalisk x2  
  112  9:08  Drone x3  
  115  9:11  Hydralisk Den  
  115  9:12  Zergling x2  
  115  9:19  Mutalisk  
  115  9:21  Zergling x2  
  118  9:30  Mutalisk  
  118  9:31  Mutalisk  
  118  9:35  Zergling x2  
  119  9:39  Mutalisk  
  119  9:40  Zergling x2  
  119  9:41  Zergling x2  
  123  9:50  Mutalisk  
  124  10:01  Mutalisk  
  124  10:04  Zergling x4  
  124  10:05  Hatchery  
  127  10:11  Zergling x2  
  127  10:12  Zergling x2  
  126  10:16  Zergling x2  
  126  10:17  Zergling x4  
  126  10:20  Zergling x2  
  129  10:25  Zergling x2  
  128  10:35  Zerg Melee Weapons Level 1  
  128  10:38  Muscular Augments  
  127  10:45  Zergling x2  
  127  10:46  Zergling x4  
  127  10:47  Overlord x3  
  127  10:48  Overlord  
  130  11:13  Mutalisk x5  
  130  11:15  Zergling x10  
  145  11:29  Mutalisk x2  
  145  11:30  Zergling x2  
  145  11:31  Zergling x2  
  151  11:33  Drone x3  
  151  11:34  Queen  
  156  11:41  Zerg Flyer Weapons Level 2  
  156  11:47  Evolution Chamber  
  156  11:53  Mutalisk  
  155  11:56  Zergling x14  
  160  12:25  Hydralisk  
  160  12:26  Hydralisk x3  
  168  12:32  Extractor  
  168  12:33  Extractor  
  166  13:08  Hydralisk  
  166  13:10  Overlord x3  
  166  13:11  Overlord  
  165  13:22  Hatchery  
  165  13:24  Hydralisk  
  165  13:25  Hydralisk  
  166  13:33  Hydralisk  
  166  13:34  Hydralisk x13  
  194  13:47  Hydralisk  
  196  13:51  Overseer  
  196  13:58  Overlord  
  196  14:40  Drone x2  
Tags
 
Add a new tag
Caveats
  • Supply blocks, unpowered buildings, or Contaminate may cause inaccurate times.
  • Supply counts are checked every 10 seconds.